AoeStats
← Murph0uake

Black Forest

508734769Analyzed
3v3 RM · 8d ago on Sep 23, 2026· 75m 31s· 6 players
Game mode
Random Map
Map size
Normal (6 player)
Population
200
Speed
Normal
Resources
Standard
Victory
Conquest
Starting age
Dark Age
Ending age
Imperial Age
RankedLock teamsTeams togetherTeam positionsShared explorationLock speedFull tech treeHidden civsTurbo modeCheats
Victory
Defeat
🇬🇧 Saxons · United Kingdom
857
+14
🇹🇷 Cumans · Türkiye
771
+18
🇺🇸 Wei · United States
746
+18
🇲🇽 Japanese · Mexico
846
-18
🇲🇽 Khmer · Mexico
798
-16
🇲🇽 Bohemians · Mexico
786
-16
Eärendil
0:37 Loom
13:35 Feudal Age
14:06 Double-Bit Axe
15:10 Horse Collar
16:08 Town Watch
23:34 Castle Age
22:56 Wheelbarrow
23:15 Fletching
24:32 Bow Saw
24:28 Heavy Plow
25:47 Bodkin Arrow
28:15 Chemistry
29:39 Hand Cart
30:41 Town Patrol
36:26 Imperial Age
34:26 Ballistics
34:19 Masonry
35:53 Padded Archer Armor
36:10 Murder Holes
36:09 Guard Tower
37:16 Leather Archer Armor
37:16 Elite Skirmisher
38:19 Houfnice
40:50 Architecture
58:29 Pikeman
60:00 Forging
59:51 Scale Mail Armor
62:19 Bracer
62:50 Ring Archer Armor
62:56 Iron Casting
62:37 Chain Mail Armor
64:38 Halberdier
65:04 Arson
68:39 Blast Furnace
68:20 Plate Mail Armor
71:33 Squires
joelsc22
0:42 Loom
15:04 Feudal Age
16:33 Wheelbarrow
15:47 Double-Bit Axe
17:51 Fishing Lines
22:19 Castle Age
20:27 Town Watch
23:30 Gillnets
23:36 Horse Collar
25:49 Hand Cart
25:23 Demolition Ship
26:20 Medium Warships
26:51 Bow Saw
28:28 Town Patrol
30:01 Gold Mining
30:01 Stone Mining
31:38 Heavy Plow
32:37 Gold Shaft Mining
31:52 Stone Mining
31:57 Fletching
31:39 Man-at-Arms
36:45 Long Swordsman
39:19 Husbandry
38:41 Light Cavalry
41:38 Tusk Swords
42:23 Forging
42:18 Scale Barding Armor
42:15 Scale Mail Armor
42:15 Padded Archer Armor
42:11 Bodkin Arrow
43:58 Bloodlines
45:08 Caravan
47:55 Imperial Age
45:52 Ballistics
45:42 Masonry
47:45 Iron Casting
47:25 Chain Mail Armor
47:27 Fortified Wall
49:27 Hoardings
49:13 Conscription
49:32 Architecture
48:58 Murder Holes
51:19 Double Crossbow
52:50 Elite Ballista Elephant
54:43 Bracer
54:58 Leather Archer Armor
55:44 Blast Furnace
54:59 Chain Mail Armor
55:04 Chain Barding Armor
55:48 Chemistry
54:58 Elite Skirmisher
57:51 Siege Engineers
62:01 Ring Archer Armor
62:01 Pikeman
62:28 Arson
64:43 Halberdier
Shonedrache
11:49 Feudal Age
12:17 Double-Bit Axe
12:57 Gold Mining
15:20 Horse Collar
18:31 Castle Age
18:01 Wheelbarrow
18:10 Loom
19:43 Bow Saw
19:59 Forging
19:41 Fletching
22:14 Gold Shaft Mining
23:59 Stone Mining
25:33 Hand Cart
27:47 Treadmill Crane
28:28 Ballistics
28:16 Town Watch
29:00 Caravan
30:28 Heavy Plow
33:29 Imperial Age
31:29 Arson
31:04 Pikeman
31:45 Squires
31:31 Gambesons
31:07 Man-at-Arms
31:58 Town Patrol
33:05 Iron Casting
32:31 Scale Mail Armor
33:07 Bodkin Arrow
33:12 Padded Archer Armor
33:11 Murder Holes
33:55 Masonry
35:15 Chemistry
35:11 Conscription
34:31 Halberdier
34:32 Long Swordsman
35:22 Thumb Ring
34:38 Elite Skirmisher
36:56 Blast Furnace
36:11 Chain Mail Armor
37:23 Two-Man Saw
37:01 Elite Samurai
38:36 Kataparuto
40:15 Plate Mail Armor
41:21 Hoardings
43:12 Two-Handed Swordsman
44:22 Parthian Tactics
45:34 Leather Archer Armor
45:39 Bracer
47:10 Ring Archer Armor
46:21 Crossbowman
48:40 Scale Barding Armor
64:30 Champion
Murph0uake
0:50 Loom
14:42 Feudal Age
16:14 Horse Collar
21:17 Castle Age
26:33 Double-Bit Axe
26:59 Fishing Lines
28:42 Wheelbarrow
28:04 Gillnets
28:45 Bow Saw
29:59 Town Watch
32:42 Hand Cart
35:18 Town Patrol
37:57 Imperial Age
35:33 Scale Mail Armor
36:15 Forging
36:41 Squires
36:40 Arson
36:43 Gambesons
38:08 Iron Casting
37:49 Chain Mail Armor
37:51 Treadmill Crane
38:22 Fortified Wall
38:43 Elite Varangian Guard
41:04 Pikeman
41:49 Halberdier
43:32 Shield Wall
44:33 Conscription
44:42 Elite Hearth Troop
47:24 Plate Mail Armor
46:46 Fletching
48:24 Onager
51:10 Caravan
52:07 Capped Ram
53:36 Bodkin Arrow
54:46 Chemistry
53:52 Siege Engineers
56:58 Man-at-Arms
59:58 Bracer
60:37 Siege Ram
69:20 Heavy Scorpion
71:23 Ballistics
71:13 Masonry
71:01 Murder Holes
71:17 Masonry
71:57 Man-at-Arms
73:51 Long Swordsman
74:36 Two-Handed Swordsman
Cypress Fever
0:26 Loom
16:24 Feudal Age
18:47 Wheelbarrow
18:09 Horse Collar
23:29 Stone Mining
23:30 Gold Mining
27:22 Castle Age
29:53 Hand Cart
29:42 Heavy Plow
29:32 Double-Bit Axe
30:36 Bow Saw
31:08 Stone Shaft Mining
31:09 Gold Shaft Mining
36:27 Forging
36:22 Scale Barding Armor
36:20 Scale Mail Armor
40:51 Imperial Age
38:40 Husbandry
38:50 Bloodlines
38:01 Light Cavalry
40:20 Iron Casting
40:06 Chain Barding Armor
40:03 Chain Mail Armor
42:03 Ming Guang Armor
41:02 Hussar
42:50 Blast Furnace
45:17 Crop Rotation
44:56 Heavy Hei Guang Cavalry
47:24 Chemistry
46:06 Treadmill Crane
46:47 Ballistics
46:19 Heated Shot
Oguz CareVia
11:48 Feudal Age
13:51 Wheelbarrow
13:10 Loom
13:43 Double-Bit Axe
15:55 Stone Mining
16:51 Horse Collar
20:38 Gold Mining
24:25 Castle Age
23:14 Padded Archer Armor
23:05 Fletching
26:00 Bow Saw
26:26 Leather Archer Armor
26:07 Bodkin Arrow
30:27 Caravan
31:49 Capped Ram
33:23 Ballistics
36:50 Imperial Age
35:18 Steppe Husbandry
35:34 Scale Mail Armor
35:45 Forging
36:22 Hand Cart
36:16 Scale Barding Armor
36:19 Heavy Plow
38:35 Conscription
37:53 Elite Kipchak
41:15 Ring Archer Armor
41:06 Chain Barding Armor
41:01 Chain Mail Armor
41:22 Iron Casting
41:52 Chemistry
45:04 Cuman Mercenaries
48:20 Plate Barding Armor
48:16 Plate Mail Armor
48:46 Blast Furnace
49:15 Arson
49:30 Squires
48:51 Pikeman
51:33 Elite Steppe Lancer
51:36 Light Cavalry
52:27 Bloodlines
53:49 Guilds
54:59 Hussar
57:10 Crop Rotation
57:43 Two-Man Saw
57:21 Gold Shaft Mining
56:45 Murder Holes
57:00 Masonry
Connection lost

Rejoining the realm…

Still unreachable

The connection could not be restored.

Session expired

The server has moved on; the page needs a fresh start.